 Dungeon Crawl Stone Soup version 0.29-a0-322-g68df515428 (webtiles) character file.

Game seed: 15115674830537176861

168 zishaf the Shooter (level 5, -3/42 HPs)
             Began as a Human Hunter on Apr 6, 2022.
             Slain by a gnoll
             ... wielding a +0 spear
              (5 damage)
             ... on level 3 of the Dungeon.
             The game lasted 00:03:45 (2521 turns).

zishaf the Shooter (Human Hunter)                   Turns: 2521, Time: 00:03:46

Health: -3/42      AC:  3    Str: 12    XL:     5   Next: 77%
Magic:  5/5        EV: 12    Int: 15    God:
Gold:   134        SH:  0    Dex: 18    Spells: 4/4 levels left

rFire   . . .      SeeInvis .   b - +1 whip (elec)
rCold   . . .      Faith    .   (no shield)
rNeg    . . .      Spirit   .   q - +0 leather armour
rPois   .          Reflect  .   (no helmet)
rElec   .          Harm     .   (no cloak)
rCorr   .          Rampage  .   (no gloves)
Will    .....                   (no boots)
Stlth   ++........              (no amulet)
HPRegen 0.14/turn               f - +6 ring of intelligence
MPRegen 0.09/turn               (no ring)

@: lethally poisoned (-3 -> -6)
A: no striking features
a: no special abilities


You were on level 3 of the Dungeon.
You visited 1 branch of the dungeon, and saw 3 of its levels.

You collected 134 gold pieces.

Inventory:

Hand Weapons
 a - a +1 shortbow
 b - a +1 whip of electrocution (weapon)
Missiles
 l - 4 datura-tipped darts
Armour
 q - a +0 leather armour (worn)
Jewellery
 f - a +6 ring of intelligence (left hand)
 r - a ring of wizardry
Scrolls
 c - a scroll of immolation
 d - a scroll of silence {unknown}
 e - 2 scrolls of amnesia {unknown}
 g - 2 scrolls of holy word {unknown}
 h - a scroll of teleportation {unknown}
 i - 5 scrolls of identify {unknown}
 p - a scroll of enchant weapon {unknown}
Potions
 j - a potion of heal wounds
 k - a potion of degeneration {unknown}
 m - 2 potions of curing {unknown}
 n - a potion of might {unknown}
 o - a potion of haste {unknown}


   Skills:
 + Level 4.1 Fighting
 + Level 5.4 Bows
 - Level 2.0 Dodging
 - Level 1.0 Stealth


You had 4 spell levels left.
You didn't know any spells.
Your spell library was empty.

Dungeon Overview and Level Annotations

Branches:
Dungeon (3/15)

Altars:

Annotations:
D:3 Natasha


Message History

The bat closely misses you. The bat barely misses you.
You closely miss the bat. The bat hits you. The bat closely misses you.
You hit the bat but do no damage. Lightning courses through the bat!
You kill the bat!
The bat barely misses you. x2
You hit the bat.
You kill the bat!
The goblin misses you.
The gnoll hits you from afar with a +0 spear.
You hit the goblin.
The goblin is severely wounded.
The goblin hits you but does no damage. The gnoll completely misses you.
You hit the goblin.
You kill the goblin!
The adder closely misses you.
The gnoll hits you from afar with a +0 spear.
You barely miss the adder. The adder barely misses you.
The gnoll hits you from afar with a +0 spear.
You barely miss the adder. The adder bites you but does no damage.
Natasha casts a spell.
The gnoll hits you from afar with a +0 spear.
The adder bites you.
You are too injured to fight recklessly!
You are too injured to fight recklessly!
You barely miss the adder. The adder misses you.
The gnoll hits you from afar with a +0 spear.
You barely miss the adder. The adder bites you.
* * * LOW HITPOINT WARNING * * *
You are poisoned.
The adder poisons you! The gnoll closely misses you.
The adder barely misses you.
You barely miss the adder.
You feel sick. The adder closely misses you.
The gnoll hits you from afar with a +0 spear.
* * * LOW HITPOINT WARNING * * *
Natasha casts a spell.
You barely miss the adder.
* * * LOW HITPOINT WARNING * * *
You feel sick. The adder barely misses you.
The gnoll hits you from afar with a +0 spear.
You die...

# #.#...####
#.#......######## #
#.#.#####...)...#
#.
#..##.[.##g####.#
#.##..#K(...#.# #.#
#.....#gh5!.#.# #.#
......#†#.#gSo5.#.#
#g#
##.#.##.###Slg[##.#
#.# # #...'@#
###.## #g# ##.###+
#..## #.# ### ##.#
#.# #.######g#
#..g..g..# #.
##..#######
#...####...#
#......#.#
#####..#.#


You could see Natasha, a gnoll, an adder, a white imp (summoned), a shadow imp
(summoned), an orc, a hobgoblin, a goblin, a ball python, a kobold and a frilled
lizard.

Vanquished Creatures
  Terence (D:2)
  4 gnolls (D:3)
  4 adders
  2 worms (D:2)
  2 dart slugs
  3 ball pythons
  8 bats
  5 endoplasms
  2 giant cockroaches
  2 goblins
  8 hobgoblins
  4 jackals (D:1)
  2 kobolds
  4 quokkas
  3 frilled lizards
  7 rats
61 creatures vanquished.

Notes
Turn   | Place    | Note
-------+----------+-------------------------------------------
     0 | D:1      | zishaf the Human Hunter began the quest for the Orb.
     0 | D:1      | Reached XP level 1. HP: 16/16 MP: 1/1
    43 | D:1      | Reached XP level 2. HP: 6/23 MP: 2/2
   427 | D:1      | Noticed an eye of devastation
   433 | D:1      | Noticed a floating eye
   435 | D:1      | Found a faded altar of an unknown god.
   436 | D:1      | Noticed a golden eye
   436 | D:1      | Noticed a floating eye
   706 | D:1      | Reached XP level 3. HP: 28/28 MP: 3/3
  1122 | D:2      | Noticed Terence
  1127 | D:2      | Killed Terence
  1128 | D:2      | Reached XP level 4. HP: 33/35 MP: 4/4
  1502 | D:2      | Reached skill level 5 in Bows
  1899 | D:3      | Reached XP level 5. HP: 41/41 MP: 5/5
  2505 | D:3      | Found the +4 robe of Folly {Brilliance Will-∞ Int+8}
  2505 | D:3      | Noticed Natasha
  2521 | D:3      | HP: 2/42 [poisoned by an adder]
  2521 | D:3      | Slain by a gnoll

Illustrated notes

Levels and vault maps discovered:
D:1:      saegor_arrival_simple_e, layout_basic,
          hellmonk_ecumenical_altar_watching_god
D:2:      minmay_recursive_quarters, layout_basic, minmay_statues_item,
          uniq_terence
D:3:      layout_loops_ring, nicolae_tso_besieged_by_evil,
          minmay_joined_circles, uniq_sigmund, uniq_natasha

Skill      XL: |  1  2  3  4  5 |
---------------+----------------+-----
Fighting       | 3 4 |  4.1
Bows           | 5 |  5.4
Dodging        | |  2.0
Stealth        | |  1.0

Action                   |  1- 3 |  4- 6 || total
-------------------------+-------+-------++-------
Melee: Whip              |       |    15 ||    15
 Fire: Shortbow          |    56 |   100 ||   156
Armor: Leather armour    |    11 |     6 ||    17
Dodge: Dodged            |    17 |    50 ||    67

Table legend: (Time is in decaauts)
 A = Elapsed time spent in this place.
 B = Non-inter-level travel time spent in this place.
 C = Inter-level travel time spent in this place.
 D = Time resting spent in this place.
 E = Time spent auto-exploring this place.
 F = Levels seen in this place.
 G = Mean time per level.
                   A        B        C        D        E       F      G
               +--------+--------+--------+--------+--------+-----+--------+
         Total |   2569 |   2523 |     46 |    273 |   1860 |   3 |  856.3 |
       Dungeon |   2569 |   2523 |     46 |    273 |   1860 |   3 |  856.3 |
               +--------+--------+--------+--------+--------+-----+--------+

Top non-repeatable levels by time:
     D:1: 1132 daAuts
     D:2: 1002 daAuts
     D:3: 434 daAuts
